Map: Cosmic Sapphire

Players

SaN

  • Race: Protoss Protoss
  • League: Diamond
  • Spawn Location: 5:00

Bacon - Winner!

  • Race: Terran Terran
  • Spawn Location: 11:00

VOD

Have the link to the VOD?

Description

Time

  • Played on: Aug. 7, 2022, 3:56 p.m.
  • Length: 20:45
Show
View Real Time Build Order
Export as new Build Order

SaN Protoss 

Build Orders: 1 Gate Expand 

Get SALT Encoding   

  12  0:00  Probe  
  13  0:12  Probe  
  14  0:18  Pylon  
  14  0:24  Probe (Chrono Boost)  
  15  0:38  Gateway, Probe (Chrono Boost)  
  16  0:44  Probe (Chrono Boost)  
  16  0:47  Assimilator  
  17  0:55  Probe  
  18  1:08  Probe  
  19  1:20  Probe  
  20  1:32  Nexus  
  20  1:39  Probe  
  21  1:42  Cybernetics Core  
  21  1:44  Assimilator  
  21  2:04  Probe, Pylon  
  22  2:19  Probe  
  22  2:21  Stalker (Chrono Boost)  
  23  2:25  Warp Gate  
  25  2:31  Probe  
  23  2:51  Probe x2  
  25  3:03  Probe x2, Twilight Council  
  27  3:15  Probe  
  27  3:19  Robotics Facility  
  28  3:20  Probe  
  28  3:24  Pylon  
  29  3:27  Probe  
  29  3:31  Shield Battery  
  29  3:32  Probe  
  31  3:37  Resonating Glaives (Chrono Boost)  
  31  3:40  Probe  
  32  3:50  Gateway  
  32  3:51  Gateway  
  32  3:55  Probe x2  
  34  4:06  Warp Prism  
  36  4:17  Gateway  
  36  4:21  Pylon  
  36  4:31  Adept  
  38  4:46  Adept  
  38  4:47  Adept  
  42  5:01  Gateway  
  42  5:03  Gateway  
  42  5:04  Pylon  
  42  5:25  Adept x2  
  42  5:26  Adept x2  
  40  5:49  Stalker  
  34  5:50  Stalker x3  
  28  6:14  Stalker x5  
  38  6:52  Probe  
  17  8:21  Probe x2  
  17  8:44  Probe  
  17  8:48  Probe  
  19  9:18  Probe x2  
  21  9:30  Probe x2  
  23  9:42  Probe x2  
  25  9:58  Stalker  
  25  9:59  Stalker  
  29  10:06  Observer  
  20  10:47  Probe x2 (Chrono Boost)  
  24  10:57  Probe (Chrono Boost)  
  24  10:58  Probe (Chrono Boost)  
  24  11:02  Probe x2 (Chrono Boost)  
  24  11:37  Probe x2  
  26  11:49  Probe x2  
  24  12:01  Probe x2  
  23  12:13  Probe x2  
  25  12:25  Probe (Chrono Boost)  
  27  12:30  Probe (Chrono Boost)  
  27  12:36  Probe (Chrono Boost)  
  28  12:39  Probe (Chrono Boost)  
  28  12:40  Probe (Chrono Boost)  
  30  12:49  Probe (Chrono Boost)  
  31  12:52  Probe (Chrono Boost)  
  32  13:01  Probe (Chrono Boost)  
  32  13:05  Probe (Chrono Boost)  
  34  13:10  Probe (Chrono Boost)  
  34  13:11  Probe (Chrono Boost)  
  36  13:16  Probe  
  36  13:18  Probe, Stalker  
  40  13:25  Blink (Chrono Boost)  
  40  13:32  Probe  
  40  13:33  Probe  
  42  13:44  Probe  
  42  13:45  Probe  
  44  13:49  Shield Battery  
  44  13:56  Probe  
  44  13:57  Probe  
  44  14:00  Shield Battery  
  44  14:02  Observer  
  47  14:10  Stalker x2  
  47  14:12  Probe  
  47  14:14  Probe  
  53  14:25  Probe  
  53  14:26  Probe  
  55  14:32  Stalker  
  55  14:37  Probe  
  58  14:38  Probe  
  59  14:49  Probe  
  60  14:59  Stalker  
  62  15:00  Stalker x3  
  68  15:41  Probe x2  
  68  15:53  Probe  
  65  16:35  Stalker x2  
  59  16:57  Observer  
  55  17:26  Stalker  
  55  17:27  Stalker x2  
  61  17:31  Pylon  
  61  17:36  Pylon  
  61  17:37  Pylon  
  61  17:39  Pylon  
  51  18:13  Stalker  
  51  18:14  Stalker x5  
  63  18:41  Assimilator  
  63  18:44  Assimilator  
Show
View Real Time Build Order
Export as new Build Order

Bacon Terran - Winner!

Build Orders: Reaper Expand 

Get SALT Encoding   

  12  0:01  SCV  
  13  0:13  SCV  
  14  0:18  Supply Depot  
  14  0:25  SCV  
  15  0:39  Refinery  
  15  0:42  Barracks  
  15  0:44  SCV  
  16  0:57  SCV  
  17  1:09  SCV  
  18  1:21  SCV  
  19  1:28  Reaper  
  20  1:36  Command Center  
  21  1:46  Orbital Command  
  20  2:03  Marine  
  20  2:18  Factory  
  19  2:52  Orbital Command  
  19  2:59  Barracks Reactor  
  19  3:01  SCV  
  20  3:11  Supply Depot  
  20  3:13  SCV  
  20  3:18  Starport, Bunker  
  21  3:25  SCV  
  24  3:37  SCV  
  23  3:43  SCV  
  23  3:48  Hellion x2  
  28  3:49  SCV, Supply Depot  
  28  3:55  SCV  
  30  3:56  Marine  
  30  4:01  SCV  
  32  4:04  Refinery  
  32  4:07  SCV  
  32  4:08  Medivac  
  32  4:09  Hellion x2  
  39  4:14  SCV  
  40  4:18  Supply Depot  
  40  4:19  SCV  
  41  4:26  SCV  
  41  4:27  Marine  
  41  4:31  SCV, Hellion x2  
  47  4:38  SCV  
  49  4:43  SCV  
  49  4:45  Marine  
  51  4:52  Supply Depot, Hellion x2  
  55  4:53  SCV  
  55  4:56  SCV  
  55  4:59  Factory  
  57  5:05  SCV  
  58  5:08  SCV  
  58  5:13  Hellion  
  63  5:14  Hellion  
  63  5:15  Engineering Bay  
  63  5:17  SCV  
  63  5:21  Supply Depot  
  59  5:44  Hellion x2  
  59  5:46  Orbital Command  
  60  7:00  Missile Turret, Command Center  
  23  7:51  SCV  
  20  8:03  SCV  
  16  8:15  SCV  
  17  8:25  Barracks  
  17  8:28  SCV  
  18  8:39  Starport Tech Lab  
  18  8:40  SCV  
  19  8:43  SCV  
  20  8:52  SCV  
  22  8:55  SCV  
  22  8:57  Cloaking Field  
  22  9:00  Banshee  
  24  9:04  SCV  
  24  9:07  SCV  
  23  9:16  SCV  
  24  9:19  SCV  
  24  9:22  Marine  
  26  9:40  Marine  
  26  9:42  Banshee  
  28  9:58  Marine  
  28  10:15  Marine  
  29  10:33  Marine  
  30  10:41  Orbital Command  
  30  10:42  SCV  
  31  10:51  Marine  
  31  10:54  SCV  
  33  11:01  Supply Depot  
  33  11:06  SCV  
  33  11:09  Marine  
  35  11:16  Bunker  
  35  11:18  SCV  
  36  11:27  Marine  
  36  11:30  SCV  
  37  11:45  Marine  
  35  12:03  SCV x2  
  34  12:10  Marine  
  34  12:11  Supply Depot  
  34  12:15  SCV x2  
  37  12:16  Barracks  
  37  12:19  Barracks  
  37  12:27  SCV x2  
  37  12:28  Marine  
  40  12:39  SCV x2  
  42  12:46  Barracks Tech Lab  
  42  12:51  SCV x2  
  42  12:58  Barracks Tech Lab  
  44  13:01  Supply Depot  
  44  13:03  SCV x2  
  46  13:07  Barracks  
  46  13:10  Refinery  
  46  13:14  Refinery  
  46  13:15  SCV x2  
  46  13:17  Marine  
  46  13:19  Refinery  
  49  13:22  Refinery  
  49  13:27  SCV  
  49  13:28  SCV  
  51  13:35  Marine  
  51  13:40  SCV  
  53  13:48  Marine  
  54  13:51  Supply Depot  
  54  13:53  Marine  
  54  13:55  Barracks, Stimpack  
  55  14:00  Barracks Reactor  
  55  14:02  Marine  
  55  14:06  Marine  
  58  14:17  SCV x2  
  58  14:18  Factory  
  58  14:20  Marine  
  58  14:23  Marine  
  61  14:26  Barracks Tech Lab  
  61  14:38  Marine  
  63  14:41  Marine  
  63  14:43  Barracks  
  63  14:44  Marine x3  
  63  14:45  Marine  
  69  14:49  Supply Depot  
  69  14:56  Marine  
  69  14:59  Marine  
  69  15:02  Starport, Marine x3  
  69  15:05  Marine  
  73  15:09  Concussive Shells  
  73  15:14  Marine  
  74  15:19  Marine  
  74  15:20  Marine x2  
  77  15:24  Marauder  
  79  15:31  Marine  
  80  15:36  Supply Depot  
  80  15:37  Marine  
  80  15:38  Marine x2  
  83  15:45  Marauder  
  83  15:49  Marine  
  86  15:51  Medivac  
  86  15:55  Marine  
  86  15:56  Marine x2  
  84  16:06  Marauder  
  84  16:07  Marine  
  86  16:13  Marine x2  
  86  16:14  Marine  
  88  16:21  Medivac  
  88  16:25  Marine  
  91  16:28  Marauder  
  91  16:31  Marine x3  
  94  16:43  Marine  
  78  16:49  Marine x3, Marauder  
  78  16:51  Medivac  
  69  17:00  Marine  
  59  17:06  Marine  
  59  17:07  Marine x2  
  62  17:08  Marauder  
  62  17:10  Marauder  
  63  17:17  SCV  
  63  17:18  Marine  
  63  17:19  Supply Depot  
  63  17:21  Medivac  
  65  17:24  Barracks Reactor, Marine  
  65  17:25  Marine x2  
  65  17:29  Marine  
  68  17:32  Marauder  
  68  17:36  Marine  
  70  17:42  Marine x2  
  70  17:43  Marine  
  68  17:48  Marauder  
  68  17:53  Marauder  
  68  17:54  Marine  
  66  18:00  Marine  
  66  18:01  Marine  
  67  18:08  Marine  
  67  18:12  Marine  
  69  18:14  Terran Infantry Weapons Level 1  
  69  18:15  Marauder  
  69  18:18  Marine x2  
  69  18:19  Marine  
  74  18:20  Medivac  
  74  18:24  Command Center  
  78  18:27  Marauder  
  78  18:34  Marine  
  78  18:36  Marine x2, Marauder  
  78  18:37  Marine  
  84  18:43  Combat Shield  
  84  18:48  Marine  
  85  18:50  Medivac  
  85  18:52  Marine  
  85  18:54  Marine x2  
  93  19:05  Marine  
  86  19:20  Medivac  
  86  19:24  Marauder  
  90  19:37  Widow Mine  
  92  19:45  Barracks, Marauder  
  94  19:46  Barracks  
  94  19:58  Widow Mine  
  96  20:07  Marauder  
  96  20:19  Widow Mine  
  96  20:27  SCV  
  96  20:34  Barracks  
Tags
 
Add a new tag
Caveats
  • Supply blocks, unpowered buildings, or Contaminate may cause inaccurate times.
  • Supply counts are checked every 10 seconds.